[Event "29th IND-ch U17 Open 2018"]
[Site "Sonipat"]
[Date "2018.09.09"]
[Round "9"]
[White "Sibi Visal R"]
[Black "Anup Shankar R"]
[Result "1-0"]
[ECO "A24"]
[WhiteElo "1959"]
[BlackElo "1785"]
[Annotator "NA RC"]
[PlyCount "101"]
[EventDate "2018.09.05"]
[EventCountry "IND"]
[SourceTitle "playchess.com"]
[Source "ChessBase"]
[SourceQuality "1"]
[TimeControl "5400+30"]

1. c4 c6 2. Nf3 Nf6 3. g3 g6 4. Bg2 Bg7 5. O-O O-O 6. Nc3 d6 7. d3 e5 {[%emt 0:02:19] LiveBook: 204 Games} 8. Rb1 Nbd7 9. Bg5 h6 10. Bxf6 Nxf6 11. b4 {[%emt 0:04:02] A24: English Opening vs King's Indian: Lines without ...Nc6} Bg4 $146 ({Predecessor:} 11... Qc7 12. b5 d5 13. bxc6 bxc6 14. cxd5 cxd5 15. Qc1 {0-1 (68) Daly,C (2265)-Petkevich,J (2440) Moscow 1994}) 12. b5 Bxf3 13. Bxf3 d5 14. bxc6 bxc6 15. cxd5 cxd5 16. Qb3 Rb8 17. Qxb8 Qxb8 18. Rxb8 Rxb8 19. Nxd5 Rb2 ({Black should try} 19... Nxd5 20. Bxd5 Bf8) 20. Rc1 Rxa2 21. Rc8+ Kh7 22. Nxf6+ Bxf6 23. Rc7 Kg8 24. Kf1 ({White should try} 24. Bd5 $16 Rxe2 25. Rxf7 (25. Bxf7+ Kf8 $16)) 24... Ra5 25. Rd7 Kf8 26. Bd5 Be7 27. Bc4 h5 28. h4 Ra1+ 29. Kg2 a5 30. Rd5 Bf6 31. Rb5 Ke8 32. Rb8+ Bd8 33. Bxf7+ Kxf7 34. Rxd8 Ra4 35. Kf3 Ke6 36. Ke3 Rb4 37. Rg8 Kf5 38. Ra8 a4 39. Kf3 Kf6 $2 ({Better is} 39... Ke6 $14) 40. Ra6+ Kg7 $18 41. e4 Rb3 42. Ke3 a3 43. f4 exf4+ 44. gxf4 Kf7 45. e5 Kg7 46. Ke4 Rb4+ 47. d4 Rb3 48. Ra7+ Kh8 49. e6 Kg8 50. Ke5 Kf8 51. Kf6 1-0

[Event "29th IND-ch U17 Open 2018"]
[Site "Sonipat"]
[Date "2018.09.09"]
[Round "9"]
[White "Vinay Thomas Abraham"]
[Black "Akshit Kumar J"]
[Result "1-0"]
[ECO "B77"]
[WhiteElo "1953"]
[BlackElo "1845"]
[Annotator "NA RC"]
[PlyCount "87"]
[EventDate "2018.09.05"]
[EventCountry "IND"]
[SourceTitle "playchess.com"]
[Source "ChessBase"]
[SourceQuality "1"]
[TimeControl "5400+30"]

1. e4 c5 2. Nf3 d6 3. d4 cxd4 4. Nxd4 Nf6 5. Nc3 g6 6. Be3 Bg7 7. f3 Nc6 8. Qd2 O-O 9. Bc4 Bd7 10. O-O-O Rb8 11. Bb3 Na5 12. Bh6 {[%emt 0:05:56] B77: Sicilian Dragon: Yugoslav Attack, 9 Bc4 sidelines} Bxh6 13. Qxh6 b5 14. h4 e5 15. Nde2 b4 16. Nd5 {[%emt 0:04:17] LiveBook: 55 Games} Nxb3+ 17. axb3 Nxd5 18. Rxd5 Rb6 19. h5 g5 20. Rxd6 {[%emt 0:17:37] [#]} f6 $1 $146 21. Rhd1 Rxd6 22. Rxd6 Qe7 23. Rd2 {[%emt 0:08:38] [#]} (23. Rd5 $1 $11) 23... Be6 $2 ({Black should play} 23... a5 $1 $19 24. Kb1 a4) 24. Kb1 a5 25. Nc1 Qc5 26. g3 a4 27. bxa4 Qg1 (27... Qc7 $142 28. b3 Qc3) 28. Rd6 b3 $2 (28... Qc5 29. Rxe6 Rc8 30. Re8+ (30. Qxf6 Qxc2+ 31. Ka2 Qxa4+ 32. Kb1 Qc2+ 33. Ka2 Qxc1 $11) 30... Rxe8 31. Qxf6 Qe7 32. Qxe7 Rxe7) 29. cxb3 (29. Rxe6 bxc2+ 30. Kxc2 Rc8+ 31. Kb3 Qd4 $19) 29... Rc8 30. Ka2 Bf7 $18 31. Ne2 Qe3 32. Nc3 Rb8 33. Qxf6 Bxb3+ 34. Ka1 Qc1+ 35. Nb1 Bc2 36. Qe6+ Kf8 37. Qa2 Bxb1 38. Qxb1 Qc4 39. Qd1 Ke8 40. Rd5 Qc7 41. Qd2 Ra8 42. Qxg5 Rxa4+ 43. Kb1 Ra5 44. Qg8+ 1-0

[Event "29th IND-ch U17 Open 2018"]
[Site "Sonipat"]
[Date "2018.09.09"]
[Round "9"]
[White "Rupam Mukherjee"]
[Black "Vaibhav Jayant Raut"]
[Result "1/2-1/2"]
[ECO "A48"]
[WhiteElo "1837"]
[BlackElo "1999"]
[Annotator "NA RC"]
[PlyCount "128"]
[EventDate "2018.09.05"]
[EventCountry "IND"]
[SourceTitle "playchess.com"]
[Source "ChessBase"]
[SourceQuality "1"]
[TimeControl "5400+30"]

1. d4 Nf6 2. Nf3 e6 3. c3 b6 4. Bf4 Bb7 5. e3 d6 6. h3 Nbd7 7. Nbd2 g6 8. Be2 Bg7 9. O-O O-O {[%emt 0:00:30] LiveBook: 22 Games} 10. Rc1 {[%emt 0:00:00] A48: 1 d4 Nf6 2 Nf3 g6: Torre, London and Colle Systems} (10. a4 a5 11. Bh2 Qe7 12. Nc4 Ne4 13. Nfd2 Nxd2 14. Nxd2 f5 15. Bf3 Bxf3 16. Qxf3 Nf6 17. Qc6 Nd5 18. Rae1 Bh6 19. Re2 Qe8 20. Qc4 Qf7 21. Nf3 Rae8 22. Rfe1 Nf6 23. Bf4 Bg7 24. b4 Ne4 25. Ng5 Nxg5 26. Bxg5 {½-½ (26) Prohaszka,P (2596)-Kantans,T (2473) Minsk 2017}) 10... Qe7 11. Bh2 e5 12. c4 $146 ({Predecessor:} 12. dxe5 dxe5 13. Nb3 Rfd8 14. Nfd2 a5 15. a4 Nc5 16. Bf3 e4 17. Be2 Nxb3 18. Qxb3 Rxd2 {0-1 (27) Cereijo,N (2130)-Valles Moreno,I (2443) Pontevedra 2016}) 12... c5 13. Nb1 Ne4 14. dxe5 dxe5 15. Nfd2 Nxd2 16. Qxd2 Nf6 (16... Qg5 $15 17. Bg3 Nf6) 17. Nc3 Ne4 18. Nxe4 (18. Nd5 $5 Qg5 19. Qc2 $11) 18... Bxe4 19. f3 Rad8 20. Qc3 Bc6 21. e4 Rd4 22. Rcd1 f5 23. exf5 gxf5 24. Qc2 Kh8 25. Kh1 e4 26. Bg1 Rxd1 27. Rxd1 exf3 28. Bxf3 Bxf3 29. gxf3 Qh4 30. Qh2 Qxc4 31. Rd7 f4 32. b3 Qe6 33. Rd2 Qf5 34. Qg2 Rg8 35. Qg4 Qf8 36. Qh4 Qf7 37. Rg2 Qf5 38. Rg5 Qd3 39. Qg4 Qd6 40. Qh5 Qe6 41. Rg4 Qf6 42. Rh4 h6 43. Rg4 Bf8 44. Bf2 Rxg4 45. hxg4 Qe6 46. Kg2 Kg7 47. Qh1 Bd6 48. Qa1+ Qe5 49. Qd1 h5 50. Qd3 hxg4 51. fxg4 Kh6 52. Qh3+ Kg6 53. Qd3+ Kg5 54. Qh3 Qd5+ 55. Qf3 Qxf3+ 56. Kxf3 b5 57. Be1 Be5 58. Bd2 c4 59. bxc4 bxc4 60. a4 c3 61. Bc1 c2 62. a5 a6 63. Bd2 Bc7 64. Bc1 Kh4 $19 1/2-1/2

[Event "29th IND-ch U17 Open 2018"]
[Site "Sonipat"]
[Date "2018.09.10"]
[Round "10"]
[White "Vaibhav Jayant Raut"]
[Black "Saypuri Srithan"]
[Result "1/2-1/2"]
[ECO "A96"]
[WhiteElo "1999"]
[BlackElo "1749"]
[Annotator "NA RC"]
[PlyCount "70"]
[EventDate "2018.09.05"]
[EventCountry "IND"]
[SourceTitle "playchess.com"]
[Source "ChessBase"]
[SourceQuality "1"]
[TimeControl "5400+30"]

1. d4 f5 2. Nf3 Nf6 3. g3 e6 4. Bg2 Be7 5. O-O O-O 6. c4 d6 7. Nc3 a5 {[%emt 0:00:02] LiveBook: 361 Games} 8. Qb3 {[%emt 0:07:54] A96: Classical Dutch: Fluid Systems: Early deviations} (8. Qc2 Na6 9. a3 d5 10. Bf4 Ne4 11. Rac1 c6 12. Be5 Bd7 13. e3 Be8 14. Ne2 g5 15. Ne1 Nb8 16. Nd3 {1-0 (45) Van Wely,L (2691)-Gautier,S (2570) Aix les Bains 2012}) 8... Kh8 9. Re1 Ne4 10. Nd2 Nxd2 $146 ({Predecessor:} 10... Nxc3 11. bxc3 a4 12. Qb1 Nc6 13. e4 e5 14. exf5 exd4 15. Bxc6 bxc6 16. cxd4 Bxf5 {½-½ (40) Hahn,W-Mann,W DDR 1979}) 11. Bxd2 Nc6 12. d5 Ne5 13. f4 Nd7 14. dxe6 Nc5 15. Qc2 Bxe6 16. Nd5 c6 17. Nxe7 Qxe7 18. e4 Qf7 19. e5 $1 dxe5 20. Rxe5 Nd7 21. Rxa5 ({White should try} 21. Re3 $14) 21... Rxa5 22. Bxa5 Bxc4 23. b3 Bd5 24. Rd1 Bxg2 25. Kxg2 Re8 26. Bc3 h6 27. Rd6 Re6 28. Rd2 Re8 29. h3 Nb6 30. Be5 Nd5 31. Qc5 Qd7 32. Kh2 Qf7 33. a4 Qh5 34. b4 Qf3 $11 35. Rf2 Qd3 1/2-1/2

[Event "29th IND-ch U17 Open 2018"]
[Site "Sonipat"]
[Date "2018.09.10"]
[Round "10"]
[White "Manish Anto Cristiano F"]
[Black "Vinay Thomas Abraham"]
[Result "1-0"]
[ECO "B01"]
[WhiteElo "1995"]
[BlackElo "1953"]
[Annotator "NA RC"]
[PlyCount "94"]
[EventDate "2018.09.05"]
[EventCountry "IND"]
[SourceTitle "playchess.com"]
[Source "ChessBase"]
[SourceQuality "1"]
[TimeControl "5400+30"]

1. e4 d5 2. exd5 Nf6 3. d4 Nxd5 4. Nf3 g6 5. Be2 Bg7 6. O-O O-O 7. c4 Nb6 8. Nc3 Nc6 9. Be3 Bg4 10. d5 Bxf3 11. Bxf3 Ne5 12. Bxb6 {[%emt 0:01:22] LiveBook: 3 Games B01: Scandinavian Defence} (12. c5 Nbc4 13. Bc1 Nxf3+ 14. Qxf3 c6 15. dxc6 Ne5 16. Qe4 Nxc6 17. Be3 Qa5 18. Rab1 Rfd8 19. b4 Qc7 20. Rfc1 {1-0 (35) Zambrana,O (2425)-Matsuura,E (2473) Santos 2006}) 12... cxb6 13. Be2 $1 Rc8 14. Qb3 Nd7 15. Rad1 $146 ({Predecessor:} 15. Rac1 a6 16. Bf3 Ne5 17. Be2 Nd7 18. Bf3 Ne5 19. Be2 Qc7 {0-1 (33) Naylor,J (2189)-Rogers,J (2329) England 2010}) 15... Bxc3 16. Qxc3 b5 17. Qd4 bxc4 18. Bxc4 Nb6 19. Bb3 Qd6 20. Rfe1 Rfd8 21. h4 e6 {[%emt 0:21:34] [#]} (21... a5 $11 {keeps the balance.} 22. a4 Nd7) 22. dxe6 (22. Qf6 $1 $16 Nd7 {[#]} 23. Qxf7+ $1 Kxf7 24. dxe6+ Ke7 25. exd7+ Kxd7 26. Be6+ Kc7 27. Rxd6 Kxd6 28. Bxc8 Rxc8 29. Re2) 22... Qxd4 23. exf7+ Kg7 24. Rxd4 Rxd4 25. Re8 $1 Rf4 {[%emt 0:00:05] [#]} (25... Rc1+ $11 26. Kh2 Nd7 27. Rg8+ Kf6) 26. Rg8+ $1 Kh6 27. g3 Rf6 28. g4 Rxf7 29. Bxf7 Rxg8 30. Bxg8 g5 31. Kg2 Kg7 32. Bb3 gxh4 33. Kh3 a5 34. a4 ({But not} 34. Kxh4 $6 h6 $18) 34... Nd7 35. Kxh4 Ne5 36. Bc2 h6 37. f4 Nc4 38. b3 Ne3 39. Bd3 b6 40. Bc4 Kf6 41. Kg3 Nc2 42. Kf3 Nd4+ 43. Ke4 Nc6 44. Kd5 Ne7+ 45. Kd6 Ng6 46. g5+ hxg5 47. fxg5+ Kxg5 1-0

[Event "29th IND-ch U17 Open 2018"]
[Site "Sonipat"]
[Date "2018.09.10"]
[Round "10"]
[White "Sambarta Banerjee"]
[Black "Om Kharola"]
[Result "0-1"]
[ECO "D31"]
[WhiteElo "1904"]
[BlackElo "2042"]
[Annotator "NA RC"]
[PlyCount "52"]
[EventDate "2018.09.05"]
[EventCountry "IND"]
[SourceTitle "playchess.com"]
[Source "ChessBase"]
[SourceQuality "1"]
[TimeControl "5400+30"]

1. d4 d5 2. c4 e6 3. Nc3 c6 4. Nf3 dxc4 5. a4 Bb4 6. e3 b5 7. Bd2 a5 8. axb5 Bxc3 $1 9. Bxc3 cxb5 10. b3 Bb7 11. bxc4 b4 12. Bb2 Nf6 13. Bd3 Nbd7 14. O-O O-O 15. Re1 Ne4 {[%emt 0:00:09] D31: Queen's Gambit Declined: Semi-Slav without ...Nf6 (+ Marshall Gambit and Noteboom) and Exchange Variation lines without ...Nf6} 16. Qc2 (16. c5 Bc6 17. Qc2 f5 18. Bc4 Qe7 19. Bb3 Kh8 20. Red1 Qe8 21. Ba4 Bxa4 22. Rxa4 Ndf6 23. Rda1 {0-1 (35) Kasimdzhanov,R (2705)-Grischuk,A (2810) Tbilisi 2015 CBM 165 [Krasenkow,M]}) 16... f5 17. Nd2 {[%emt 0:03:05] LiveBook: 3 Games} Qh4 18. Rf1 $2 $146 (18. Nxe4 $11 fxe4 19. Bf1) ({Predecessor:} 18. Nf1 Ndf6 19. f3 Ng5 20. Qf2 Qh6 21. h4 Nf7 22. d5 exd5 23. c5 {1-0 (47) Almagro Llamas,P (2429)-Fiala,V (2217) Gibraltar 2016}) 18... Nxd2 19. Qxd2 {[%emt 0:00:02] [#]} Bxg2 $1 20. Kxg2 $2 (20. f3 $19 Bxf1 21. Rxf1) 20... Qg4+ 21. Kh1 Qf3+ 22. Kg1 Rf6 23. Rfb1 Qh3 24. f4 Rg6+ 25. Kf2 Rg2+ 26. Ke1 Rg1+ 0-1

[Event "29th IND-ch U17 Open 2018"]
[Site "Sonipat"]
[Date "2018.09.11"]
[Round "11"]
[White "Om Kharola"]
[Black "Dubey Sanchay"]
[Result "1-0"]
[ECO "B86"]
[WhiteElo "2042"]
[BlackElo "1862"]
[Annotator "NA RC"]
[PlyCount "127"]
[EventDate "2018.09.05"]
[EventCountry "IND"]
[SourceTitle "playchess.com"]
[Source "ChessBase"]
[SourceQuality "1"]
[TimeControl "5400+30"]

1. e4 c5 2. Nf3 d6 3. d4 cxd4 4. Nxd4 Nf6 5. Nc3 a6 6. Bc4 e6 7. Bb3 Nbd7 8. Qf3 Nc5 9. Bg5 Be7 10. O-O-O {[%emt 0:00:15] B86: Sicilian Scheveningen/Najdorf: 6 Bc4, without early ...b5} Qc7 {[%emt 0:16:30] LiveBook: 13 Games} 11. Kb1 (11. Rhe1 O-O 12. Kb1 b5 13. e5 Bb7 14. exf6 Bxf3 15. fxe7 Bxd1 16. exf8=Q+ Rxf8 17. Rxd1 d5 18. g3 Qd7 19. Be3 {½-½ (19) Mosadeghpour,M (2525)-Hakemi,A (2245) Khomein 2018}) 11... O-O 12. Qe2 $146 ({Predecessor:} 12. g4 b5 13. Bxf6 Bxf6 14. g5 Be5 15. Qe3 b4 16. Na4 Bd7 17. Nxc5 dxc5 {½-½ (32) Asauskas,H (2309)-Piesina,G (2358) Vilnius 2006}) 12... b5 13. f4 (13. a3 $15) 13... Bb7 14. e5 dxe5 15. fxe5 Nfe4 16. Nxe4 Bxe4 17. Bf4 (17. Bxe7 $17 Qxe7 18. Ka1) 17... Rfd8 18. h4 Rac8 19. Ka1 Qb6 $2 20. Be3 $1 Qb8 $2 ({Better is} 20... Rd7 $17 21. Nf3 Rxd1+ 22. Rxd1 Nxb3+ 23. cxb3 Qc7) 21. Bf4 $11 Qb6 (21... Qb7 $19 22. Qg4 a5) 22. Be3 Qb8 23. Rhf1 $2 Qxe5 24. Bf4 Nxb3+ 25. axb3 Qd5 26. Nxb5 Qf5 ({But not} 26... Qxb5 27. Qxe4 Bxh4 28. Be5 $17) (26... Qc6 $19 27. Rxd8+ Rxd8) 27. Rxd8+ Bxd8 28. Na3 Bb7 ({Not} 28... Bxh4 29. Bh2 $14) (28... h5 $17 29. Bg5 Qg4) 29. Nc4 Qb5 ({But not} 29... Bxh4 $6 {[#]} 30. Bg3 $1 $16 ) 30. Be5 f6 31. Bc3 Bd5 $1 32. Re1 Bxc4 (32... a5 $15) 33. bxc4 Qxc4 34. Qxe6+ Qxe6 35. Rxe6 a5 {[%emt 0:00:00] [#]} (35... Ra8 $11) 36. Re8+ $1 Kf7 37. Rh8 Ra8 38. Rxh7 ({Better is} 38. h5 $16) 38... Bb6 39. Rh5 a4 40. Rb5 Bf2 41. h5 Rd8 (41... a3 $142) 42. Rb7+ Kg8 43. Rb4 Rd1+ 44. Ka2 Rc1 45. Rxa4 Rxc2 46. g4 Kh7 47. Re4 Bh4 48. Kb3 Rg2 (48... Rc1 $16 49. Bd2 Rc7) 49. Kc4 Kh6 50. Bd4 Bg5 (50... g6 {was called for.} 51. hxg6 Kxg6) 51. b4 Rc2+ 52. Kd5 g6 53. hxg6 Kxg6 54. b5 Rc8 55. b6 Bh4 56. b7 Rd8+ 57. Kc6 Bg3 58. Bb6 Rd6+ 59. Kb5 Rd7 60. Ka6 Kg5 61. Be3+ Kg6 62. Bf4 Bxf4 63. Rxf4 Rd6+ 64. Ka7 1-0

[Event "29th IND-ch U17 Open 2018"]
[Site "Sonipat"]
[Date "2018.09.11"]
[Round "11"]
[White "Cheela Naga, Sampath"]
[Black "Vaibhav Jayant Raut"]
[Result "1/2-1/2"]
[ECO "E32"]
[WhiteElo "1935"]
[BlackElo "1999"]
[Annotator "NA RC"]
[PlyCount "58"]
[EventDate "2018.09.05"]
[EventCountry "IND"]
[SourceTitle "playchess.com"]
[Source "ChessBase"]
[SourceQuality "1"]
[TimeControl "5400+30"]

1. d4 Nf6 2. c4 e6 3. Nc3 Bb4 4. Qc2 b6 5. e4 $1 Bb7 6. Bd3 Bxc3+ 7. bxc3 d6 8. Nf3 {[%emt 0:02:49] LiveBook: 4 Games} (8. f4 $16) 8... Nbd7 {[%emt 0:02:49] E32: Nimzo-Indian: Classical (4 Qc2): 4...0-0} 9. O-O e5 10. Rb1 $146 ({Predecessor:} 10. Nh4 O-O 11. Nf5 Re8 12. f3 Nf8 13. Bg5 Ng6 14. Qd2 Bc8 15. g4 Nf8 16. f4 Bxf5 17. gxf5 {½-½ (35) Real de Azua,E (2469)-Bitelmajer,M (2346) Villa Martelli 2016}) 10... O-O 11. Ba3 Qe7 12. dxe5 (12. Rfe1 $14) 12... Nxe5 13. Nxe5 Qxe5 14. f4 Qh5 15. Rbe1 Rfe8 16. Re3 $1 h6 {[%emt 0:03:11] [#]} ({But not} 16... Ng4 $2 17. Rh3 $18) 17. Rfe1 ({White should try} 17. c5 $1 $16 ) 17... Nd7 {[%emt 0:11:47] [#]} ({Much weaker is} 17... Ng4 $6 18. Rh3 $16) (17... Qh4 $15 {stays ahead.} 18. Rf1 Nd7) 18. e5 $1 Nc5 (18... Rad8 $1 $11) 19. Bxc5 bxc5 20. Bf5 Qh4 21. e6 fxe6 22. Bxe6+ Kh8 23. Qg6 Qf6 24. Qxf6 gxf6 25. Bf5 Bc6 {[%emt 0:01:58] [#]} (25... Rxe3 $14 26. Rxe3 Rg8) 26. Re7 $1 Rab8 27. Rh7+ Kg8 28. Rxe8+ Bxe8 29. Rxc7 Bf7 $16 1/2-1/2